 Dungeon Crawl Stone Soup version 0.32-a0-540-g866d13106e (webtiles) character file.

Game seed: 4004044570343454681

98 adelrune the Vexing (level 4, -9/32 HPs)
             Began as a Coglin Hexslinger on Feb 28, 2024.
             Killed by divine providence
             ... invoked by an orc priest
              (11 damage)
             ... on level 2 of the Dungeon.
             The game lasted 00:06:06 (1989 turns).

adelrune the Vexing (Coglin Hexslinger)             Turns: 1989, Time: 00:06:07

Health: -9/32      AC:  3    Str:  8    XL:     4   Next: 69%
Magic:  4/5        EV: 12    Int: 13    God:
Gold:   129        SH:  0    Dex: 18    Spells: 3/5 levels left

rFire   . . .        a - +1 sling {Raimund}
rCold   . . .        j - +0 sling {Bolek}
rNeg    . . .        c - +0 robe
rPois   .            (no helmet)
rElec   .            (no cloak)
rCorr   .            (no gloves)
SInv    .            i - +0 pair of boots
Will    .....        (no amulet)
Stlth   ++           (ring unavailable)
HPRegen 0.25/turn    (ring unavailable)
MPRegen 0.09/turn

%: no passive effects
@: weak-willed, revved
A: off-hand wielding, slow wielding, warmup strikes, no rings
a: Convert to Beogh


You were on level 2 of the Dungeon.
You visited 1 branch of the dungeon, and saw 3 of its levels.

You collected 129 gold pieces.

Inventory:

Hand Weapons
 a - a +1 sling (weapon) {Raimund}
 j - a +0 sling (offhand) {Bolek}
Missiles
 g - 5 darts of dispersal
Armour
 c - a +0 robe (worn)
 i - a +0 pair of boots (worn)
Scrolls
 b - a scroll of poison
 e - 2 scrolls of noise {unknown}
 f - 4 scrolls of identify {unknown}
 k - a scroll of blinking {unknown}
 l - a scroll of fog {unknown}
 m - a scroll of teleportation {unknown}
Potions
 d - a potion of lignification {unknown}
 h - a potion of enlightenment {unknown}
 n - a potion of curing {unknown}


   Skills:
 + Level 1.6 Fighting
 + Level 3.0 Ranged Weapons
 + Level 1.9 Dodging
 - Level 1.0 Spellcasting
 * Level 3.7 Hexes
 - Level 0.8 Fire Magic


You had 3 spell levels left.
You knew the following spells:

 Your Spells              Type           Power      Damage    Failure   Level
a - Jinxbite              Hex            20%        N/A       9%          2

Your spell library contained the following spells:

 Spells                   Type           Power      Damage    Failure   Level
 Sigil of Binding         Hex            10%        N/A       19%         3
 Inner Flame              Hex/Fire       6%         N/A       32%         3
 Cause Fear               Hex            5%         N/A       52%         4
 Dimensional Bullseye     Hex/Tloc       2%         N/A       78%         4


Dungeon Overview and Level Annotations

Branches:
Dungeon (3/15)

Altars:

Annotations:
D:3 1 exclusion


Innate Abilities, Weirdness & Mutations

You can wield a second weapon in your off-hand.
It takes a long time for you to wield or remove held weapons.
Your first few attacks do less damage.
Your grasper-arms cannot wear rings.


Message History

You shoot a sling bullet.
The sling bullet barely misses the orc priest.
You shoot a sling bullet.
The sling bullet barely misses the orc priest.
The orc priest misses you.
You shoot a sling bullet.
The sling bullet barely misses the orc priest.
You shoot a sling bullet.
The sling bullet hits the orc priest but does no damage.
The orc priest is heavily wounded.
The orc priest shouts, "Beogh offers mercy even to people such as you.
Join us and be reborn!"
The orc priest barely misses you.
You shoot a sling bullet.
The sling bullet hits the orc priest but does no damage.
The orc priest is heavily wounded.
You shoot a sling bullet.
The orc priest shouts, "Beogh offers mercy even to people such as you.
Join us and be reborn!"
The sling bullet hits the orc priest but does no damage.
The orc priest is heavily wounded.
The orc priest hits you with a +0 club.
* * * LOW HITPOINT WARNING * * *
The orc priest hits you with a +0 club.
* * * LOW HITPOINT WARNING * * *
You shoot a sling bullet.
The sling bullet hits the orc priest but does no damage.
The orc priest is heavily wounded.
You shoot a sling bullet.
The sling bullet barely misses the orc priest.
The orc priest shouts, "Beogh offers mercy even to people such as you.
Join us and be reborn!"
The orc priest hits you with a +0 club.
* * * LOW HITPOINT WARNING * * *
You shoot a sling bullet.
The sling bullet hits the orc priest but does no damage.
The orc priest is heavily wounded.
You shoot a sling bullet.
The sling bullet hits the orc priest but does no damage.
The orc priest is heavily wounded.
The orc priest calls down the wrath of Beogh upon you.
Beogh smites you!
You die...

#.# #.# #.# ###
#.###############.#
#.#...............#
#.#.#############.#
#.#.# #......# #.#
#.#.#
#......####.##
####.#.#
#.@..........######
#....#.#
#o..>..............
#.####.#
#......####...#####
#.# #.# #......#
#.#.## ###.####.#
#......# #.#..#
#........# ##'#####
#.##.####
########## #.#
#.##....# #.#
#.####### ######'##
##'######.


You could see an orc priest.

Vanquished Creatures
  4 adders
  3 dart slugs (D:1)
  2 ribbon worms (D:2)
  4 bats
  5 endoplasms
  4 giant cockroaches
  9 goblins
  3 hobgoblins
  2 jackals (D:1)
  A kobold (D:1)
  A quokka (D:2)
  6 ball pythons
  4 frilled lizards
  A rat (D:1)
49 creatures vanquished.

Notes
Turn   | Place    | Note
-------+----------+-------------------------------------------
     0 | D:1      | adelrune the Coglin Hexslinger began the quest for the Orb.
     0 | D:1      | Reached XP level 1. HP: 15/15 MP: 2/2
   175 | D:1      | Reached XP level 2. HP: 21/21 MP: 3/3
   361 | D:1      | Reached XP level 3. HP: 22/26 MP: 4/4
   415 | D:1      | Learned a level 2 spell: Jinxbite
  1072 | D:2      | Reached XP level 4. HP: 32/32 MP: 2/5
  1989 | D:2      | Killed from afar by an orc priest

Illustrated notes

Levels and vault maps discovered:
D:1:      minmay_arrival_solitary_statue, layout_loops_ring, minivault_11
D:2:      layout_basic, chequers_serial_rivers_micro_b, minmay_misc_feat_x,
          dk_noncrumbling_4
D:3:      layout_basic, serial_shops, shop,
          hellmonk_ecumenical_altar_watching_god

Skill      XL: |  1  2  3  4 |
---------------+-------------+-----
Hexes          | 3 |  3.7
Ranged Weapons | 2 3 |  3.0
Fighting       | |  1.6
Dodging        | |  1.9
Spellcasting   | |  1.0
Fire Magic     | |  0.8

Action                     |  1- 3 |  4- 6 || total
---------------------------+-------+-------++-------
   Fire: Sling             |   126 |    76 ||   202
   Cast: Jinxbite          |     5 |    12 ||    17
 Armour: Robe              |    19 |    10 ||    29
  Dodge: Dodged            |    35 |    10 ||    45

Table legend: (Time is in decaauts)
 A = Elapsed time spent in this place.
 B = Non-inter-level travel time spent in this place.
 C = Inter-level travel time spent in this place.
 D = Time resting spent in this place.
 E = Time spent auto-exploring this place.
 F = Levels seen in this place.
 G = Mean time per level.
                   A        B        C        D        E       F      G
               +--------+--------+--------+--------+--------+-----+--------+
         Total |   2029 |   1958 |     71 |    108 |   1514 |   3 |  676.3 |
       Dungeon |   2029 |   1958 |     71 |    108 |   1514 |   3 |  676.3 |
               +--------+--------+--------+--------+--------+-----+--------+

Top non-repeatable levels by time:
     D:2: 1103 daAuts
     D:1: 847 daAuts
     D:3: 79 daAuts
